 Dungeon Crawl Stone Soup version 0.31.0-32-g396128a36d (webtiles) character file.

Game seed: 1337527939430243663

472 Peloso the Slasher (level 6, -1/56 HPs)
             Began as a Minotaur Fighter on Apr 16, 2024.
             Slain by a shadow (31 damage)
             ... on level 6 of the Dungeon.
             The game lasted 00:06:22 (3046 turns).

Peloso the Slasher (Minotaur Fighter)               Turns: 3046, Time: 00:06:23

Health: -1/56      AC: 12    Str: 21    XL:     6   Next: 83%
Magic:  5/5        EV:  6    Int:  5    God:
Gold:   10         SH:  5    Dex: 11    Spells: 5/5 levels left

rFire   . . .        a - +1 long sword
rCold   . . .        d - +0 buckler
rNeg    . . .        n - +0 plate armour
rPois   .            (helmet currently unavailable)
rElec   .            (cloak currently unavailable)
rCorr   .            (gloves currently unavailable)
SInv    .            (boots currently unavailable)
Will    .....        (no amulet) Stlth
                     (no ring)
HPRegen 0.29/turn    (no ring)
MPRegen 0.09/turn

%: no passive effects
@: beast-form
A: beast (slay +0), horns 2, retaliatory headbutt
a: Begin Untransformation


You were on level 6 of the Dungeon.
You were a hulking beast.
You visited 1 branch of the dungeon, and saw 5 of its levels.

You collected 70 gold pieces.
You spent 60 gold pieces at shops.

Inventory:

Hand Weapons
 a - a +1 long sword (weapon)
 b - the +8 hand axe of the Eternal Void {speed, rCorr Str+3}
   (You found it on level 2 of the Dungeon)

   Str+3:     It affects your strength (+3).
   rCorr:     It protects you from acid and corrosion.
Missiles
 h - a throwing net (quivered)
Armour
 c - a +0 scale mail
 d - a +0 buckler (worn)
 n - a +0 plate armour (worn)
 y - a +0 pair of gloves
Jewellery
 j - an amulet of magic regeneration
 w - a ring of resist corrosion
Talismans
 p - a talisman of death
 s - a beast talisman (active)
Wands
 r - a wand of charming (12)
Scrolls
 f - a scroll of enchant armour {unknown}
 g - 3 scrolls of teleportation
 i - 2 scrolls of poison {unknown}
 k - a scroll of blinking {unknown}
 l - a scroll of enchant weapon
 o - 2 scrolls of identify {unknown}
 u - a scroll of immolation {unknown}
 v - a scroll of silence {unknown}
Potions
 e - a potion of curing
 m - 2 potions of might
 q - a potion of haste {unknown}
 t - a potion of invisibility {unknown}
 x - a potion of resistance {unknown}


   Skills:
 + Level 5.0 Fighting
 + Level 6.2 Long Blades
 + Level 5.1 Armour
 + Level 0.9 Dodging
 + Level 4.7 Shields
 + Level 0.7 Shapeshifting


You had 5 spell levels left.
You didn't know any spells.
Your spell library contained the following spells:

 Spells                   Type           Power      Damage    Failure   Level
 Cause Fear               Hex            0%         N/A       100%        4
 Fireball                 Conj/Fire      0%         3d3       100%        5
 Dragon's Call            Summ           0%         N/A       100%        9


Dungeon Overview and Level Annotations

Branches:
Dungeon (6/15)
 Temple: D:4-7

Altars:
Dithmenos

Shops:
D:1 *?=

Annotations:
D:3 2 transporters, thorgang's ghost, amateur DsSh


Innate Abilities, Weirdness & Mutations

You are a hulking beast.
Your limbs bulge with bestial killing power. (Slay +0)
You have a pair of horns on your head.
You reflexively headbutt those who attack you in melee.


Message History

The shadow slips into darkness.
The shadow flickers and vanishes!
Deactivating autopickup; reactivate with Ctrl-A.
The shadow strikes at you from the darkness!
Reactivating autopickup.
The shadow slips into darkness.
The shadow flickers and vanishes!
Deactivating autopickup; reactivate with Ctrl-A.
Things that are here:
a +0 whip; a +0 leather armour
There is a stone staircase leading down here.
The shadow strikes at you from the darkness!
Reactivating autopickup.
You closely miss the shadow. The shadow hits you.
You barely miss the shadow. Your headbutt misses the shadow.
The shadow hits you. The scorpion closely misses you.
You hit the shadow but do no damage. The shadow hits you.
The scorpion stings you but does no damage.
You barely miss the shadow. The scorpion barely misses you.
The shadow hits you. The scorpion barely misses you. The shadow hits you.
You barely miss the shadow.
The scorpion stings you but does no damage.
The shadow hits you.
You hit the shadow.
The shadow is lightly damaged.
You block the scorpion's attack. The shadow hits you.
Unknown command.
You closely miss the shadow.
The shadow is lightly damaged.
The scorpion stings you.
You are poisoned.
The scorpion poisons you!
The shadow slips into darkness.
The shadow flickers and vanishes!
Deactivating autopickup; reactivate with Ctrl-A.
The scorpion stings you but does no damage.
You feel better.
The shadow strikes at you from the darkness!
Ouch! That really hurt!
You die...

..........#
..........#
.........##
........##
...##..s###
......#...##
.#.##.##.).##
. # ####{)..#
.. #..hs...#
...#
#.>...###
..... #..####
#....##...#
#....###
###...#
.....#
.......#
#.....###


You could see a scorpion.

Vanquished Creatures
  A centaur (D:6)
  A kobold brigand (D:6)
  An orc priest (D:3)
  A hound (D:4)
  Jessica (D:2)
  Natasha (thrice) (D:2)
  Terence (D:2)
  3 adders
  6 dart slugs
  3 ribbon worms (D:2)
  3 orcs
  10 endoplasms
  6 giant cockroaches
  5 goblins
  4 hobgoblins
  2 jackals (D:2)
  11 kobolds
  7 quokkas
  9 ball pythons
  6 bats
  3 frilled lizards
  9 rats
96 creatures vanquished.

Notes
Turn   | Place    | Note
-------+----------+-------------------------------------------
     0 | D:1      | Peloso the Minotaur Fighter began the quest for the Orb.
     0 | D:1      | Reached XP level 1. HP: 19/19 MP: 0/0
    34 | D:1      | Found Ifusyhyxt's Magic Scroll Shop.
    99 | D:1      | Reached XP level 2. HP: 27/27 MP: 1/1
   131 | D:1      | Found Diblyur's Jewellery Emporium.
   252 | D:1      | Reached XP level 3. HP: 32/33 MP: 2/2
   384 | D:1      | Found Atanil's Assorted Antiques.
   394 | D:1      | Reached skill level 3 in Long Blades
   824 | D:2      | Noticed Jessica
   829 | D:2      | Killed Jessica
   830 | D:2      | Reached XP level 4. HP: 39/40 MP: 3/3
   987 | D:2      | Found a shadowy altar of Dithmenos.
  1012 | D:2      | Noticed Natasha
  1021 | D:2      | Killed Natasha
  1022 | D:2      | Reached skill level 4 in Long Blades
  1111 | D:2      | Identified the +8 hand axe of the Eternal Void {speed,
                  | rCorr Str+3}
  1243 | D:2      | Found a faded altar of an unknown god.
  1310 | D:2      | Noticed Terence
  1319 | D:2      | Killed Terence
  1320 | D:2      | Reached XP level 5. HP: 46/47 MP: 4/4
  1908 | D:3      | Noticed thorgang's ghost (amateur DsSh)
  2108 | D:3      | Found a transporter.
  2114 | D:3      | Found a transporter.
  2485 | D:2      | Noticed Natasha
  2495 | D:2      | Killed Natasha
  2510 | D:2      | Noticed Natasha
  2519 | D:2      | Killed Natasha
  2520 | D:2      | Reached skill level 5 in Long Blades
  2549 | D:1      | Bought a scroll labelled MURCHI PETYREPN for 30 gold pieces
  2549 | D:1      | Bought a scroll labelled KEUSOZUGHU for 30 gold pieces
  2626 | D:3      | Reached XP level 6. HP: 53/53 MP: 5/5
  2919 | D:4      | You fall into a shaft and drop 2 floors!
  2940 | D:6      | Reached skill level 6 in Long Blades
  2940 | D:6      | Reached skill level 5 in Armour
  2950 | D:6      | Reached skill level 5 in Fighting
  3027 | D:6      | Noticed a shadow
  3046 | D:6      | Slain by a shadow

Illustrated notes

Levels and vault maps discovered:
D:1:      ncdulo_lavacross, layout_loops_ring, serial_shops, shop,
          nicolae_shop_hallway_plus, shop
D:2:      layout_rooms, dilly_ecumenical_altar_fadedgnrine, basic_altar,
          st_stairs_9, uniq_natasha, uniq_jessica, uniq_terence
D:3:      minmay_recursive_quarters, layout_basic,
          gammafunk_ghost_gnarly_gnolls, minmay_statues_item,
          minmay_misc_feat_cross, chequers_avenue
D:4:      minmay_spotlight, layout_basic
D:6:      layout_cave_pools, old_standard_altar, minmay_temple_entry_slanted,
          serial_park, serial_park_tiny_2, serial_park_square3
          [serial_park_minivault_5x5_6], serial_park_square3
          [serial_park_minivault_5x5_7]

Skill      XL: |  1  2  3  4  5  6 |
---------------+-------------------+-----
Fighting       | 4 5 |  5.0
Shields        | 4 |  4.7
Armour         | 4 5 |  5.1
Long Blades    | 3 4 5 6 |  6.2
Dodging        | |  0.9
Shapeshifting  | |  0.7

Action                     |  1- 3 |  4- 6 || total
---------------------------+-------+-------++-------
  Melee: Long sword        |    88 |   160 ||   248
         Headbutt          |     9 |    26 ||    35
    Use: Scroll            |       |     2 ||     2
         Potion            |       |     2 ||     2
 Armour: Scale mail        |    65 |    40 ||   105
         Plate armour      |       |   119 ||   119
  Dodge: Dodged            |    34 |    70 ||   104
  Block: Buckler           |    28 |    53 ||    81
   Form: Beast             |       |     1 ||     1
